 Dungeon Crawl Stone Soup version 0.29-a0-330-g52719c12eb (webtiles) character file.

Game seed: 10676711768745143801

197 Anon1729 the Slasher (level 5, -1/47 HPs)
             Began as a Minotaur Monk on May 27, 2022.
             Was a Priest of Dithmenos.
             Splashed by a jelly's acid (8 damage)
             ... on level 3 of the Dungeon.
             The game lasted 00:02:04 (2221 turns).

Anon1729 the Slasher (Minotaur Monk)                Turns: 2221, Time: 00:02:04

Health: -1/47      AC:  3    Str: 16    XL:     5   Next: 46%
Magic:  6/6        EV: 13    Int:  7    God:    Dithmenos [***...]
Gold:   119        SH:  0    Dex: 14    Spells: 4/4 levels left

rFire   . . .      SeeInvis .   n - +0 long sword
rCold   . . .      Faith    .   (no shield)
rNeg    . . .      Spirit   .   b - +0 robe
rPois   .          Reflect  .   (helmet restricted)
rElec   .          Harm     .   f - +0 cloak
rCorr   .          Rampage  .   (no gloves)
Will    .....                   (no boots)
Stlth   +.........              (no amulet)
HPRegen 0.15/turn               (no ring)
MPRegen 0.10/turn               (no ring)

@: confused, ambrosia-drunk, wreathed by umbra
A: horns 2, retaliatory headbutt
a: Renounce Religion, Shadow Step


You were on level 3 of the Dungeon.
You worshipped Dithmenos.
Dithmenos was most pleased with you.
You visited 1 branch of the dungeon, and saw 3 of its levels.

You collected 119 gold pieces.

Inventory:

Hand Weapons
 a - a +0 falchion
 n - a +0 long sword (weapon)
Armour
 b - a +0 robe (worn)
 f - a +0 cloak (worn)
Jewellery
 m - a ring of resist corrosion
Wands
 i - a wand of flame (11)
Scrolls
 d - a scroll of blinking {unknown}
 e - a scroll of summoning {unknown}
 g - a scroll of enchant armour {unknown}
 h - a scroll of vulnerability {unknown}
 k - 2 scrolls of identify {unknown}
 l - a scroll of immolation {unknown}
 o - a scroll of enchant weapon {unknown}
 p - a scroll of teleportation {unknown}


   Skills:
 + Level 4.4 Fighting
 * Level 5.0 Long Blades
 + Level 3.8 Dodging
 + Level 2.4 Stealth
 * Level 2.6 Invocations


You had 4 spell levels left.
You didn't know any spells.
Your spell library contained the following spells:

 Spells                   Type           Power      Damage    Failure   Level
 Magic Dart               Conj           0%         1d3       43%         1
 Searing Ray              Conj           0%         2d4       56%         2
 Ozocubu's Armour         Ice            0%         N/A       80%         3
 Tukima's Dance           Hex            0%         N/A       80%         3
 Fulminant Prism          Conj/Hex       0%         3d6       99%         4
 Passage of Golubria      Tloc           0%         N/A       99%         4
 Metabolic Englaciation   Hex/Ice        0%         N/A       100%        5
 Yara's Violent Unravell  Hex/Tmut       0%         3d3       100%        5
 Simulacrum               Ice/Necr       0%         N/A       100%        6


Dungeon Overview and Level Annotations

Branches:
Dungeon (3/15)

Altars:
Dithmenos
Nemelex Xobeh

Shops:
D:2 [

Annotations:
D:3 1 runed translucent door, eyesofgods1's ghost, amateur OpFi


Innate Abilities, Weirdness & Mutations

You have a pair of horns on your head.
You reflexively headbutt those who attack you in melee.


Message History

A nearby fungus withers and dies.
The jelly hits you. The acid corrodes you!
You are splashed with acid!
* * * LOW HITPOINT WARNING * * *
The endoplasm barely misses you.
The endoplasm hits the fungus.
The jelly barely misses you.
The endoplasm hits the fungus. x4
The jelly closely misses you. The jelly hits you.
* * * LOW HITPOINT WARNING * * *
The acid corrodes you!
You are splashed with acid.
* * * LOW HITPOINT WARNING * * *
The endoplasm hits the fungus.
You are too injured to fight recklessly!
You are too injured to fight recklessly!
You are too injured to fight recklessly!
You are too injured to fight recklessly!
Unknown command.
Unknown command.
It was a potion of cancellation.
Your magical effects are unravelling.
You feel magically purged.
You are no longer corroded.
A nearby fungus withers and dies.
The jelly closely misses you. The jelly barely misses you.
The endoplasm hits the fungus.
The fungus begins to die.
The jelly closely misses you.
You are confused.
You feel invigorated. The jelly misses you. The jelly closely misses you.
The endoplasm hits the fungus. x2; The jelly misses you.
You hit the fungus. You headbutt the fungus.
The fungus is lightly damaged.
A nearby fungus withers and dies.
The jelly hits you but does no damage. The jelly hits you.
* * * LOW HITPOINT WARNING * * *
You are splashed with acid!
* * * LOW HITPOINT WARNING * * *
The jelly barely misses you.
You barely miss the jelly. Your headbutt misses the jelly.
The jelly barely misses you. The endoplasm closely misses you.
The jelly barely misses you. The jelly hits you.
* * * LOW HITPOINT WARNING * * *
You are splashed with acid!
You die...

.......#.)).#.# #.#...#
##.......).†### #####.#
...#........#############.#
####........##..÷..P..(##.#
## #........##..÷...JP.##.#
.###..#.....##...P.P...##.#
......##....##..JJ.P.P÷##.#
.####.###.#.##.JJJJ....##.#
##
#.#.....##..@JJ..P.##.#######
#
#.......###'#########........
# ###.#.###
##..)...##########† # #.#.#
########.# #. # ##.#.#
#....'..## ##. # #....#
#....#### ##.< # #..#.#
#.......# #... ######..#.#
#.......# #.## ..........#
#....(..# #.#


You could see 3 jellies and 6 endoplasms.

Vanquished Creatures
  2 orc wizards (D:3)
  7 adders
  2 dart slugs (D:1)
  6 orcs (D:3)
  4 ball pythons
  4 bats
  6 endoplasms
  A giant cockroach (D:3)
  6 goblins
  7 hobgoblins
  3 jackals (D:3)
  6 frilled lizards
  13 kobolds
  8 rats
75 creatures vanquished.

Vanquished Creatures (others)
  4 fungi (D:3)
  7 toadstools (D:3)
11 creatures vanquished.

Grand Total: 86 creatures vanquished

Notes
Turn   | Place    | Note
-------+----------+-------------------------------------------
     0 | D:1      | Anon1729 the Minotaur Monk began the quest for the Orb.
     0 | D:1      | Reached XP level 1. HP: 19/19 MP: 0/0
   230 | D:1      | Reached XP level 2. HP: 27/27 MP: 1/1
   413 | D:1      | Reached skill level 1 in Invocations
   504 | D:1      | Reached skill level 4 in Long Blades
   860 | D:2      | Reached XP level 3. HP: 30/33 MP: 1/3
  1080 | D:2      | Found Byss's Antique Armour Emporium.
  1396 | D:3      | Found a faded altar of an unknown god.
  1399 | D:3      | Prayed at the altar of an unknown god.
  1399 | D:3      | Became a worshipper of Dithmenos the Shadowed
  1399 | D:3      | Reached * piety under Dithmenos
  1399 | D:3      | Reached ** piety under Dithmenos
  1517 | D:3      | Reached XP level 4. HP: 35/40 MP: 4/4
  1592 | D:3      | Reached *** piety under Dithmenos
  1871 | D:3      | Reached XP level 5. HP: 43/46 MP: 5/5
  2041 | D:3      | Reached skill level 5 in Long Blades
  2085 | D:3      | Found a runed translucent door.
  2086 | D:3      | Found a sparkling altar of Nemelex Xobeh.
  2103 | D:3      | Noticed eyesofgods1's ghost (amateur OpFi)
  2221 | D:3      | Splashed by a jelly's acid

Illustrated notes

Levels and vault maps discovered:
D:1:      lightli_arrival_statuegarden, layout_basic
D:2:      layout_loops_ring, serial_shops, nicolae_shop_advertising_works
          [nicolae_subvault_shop_adworks]
D:3:      cheibrodos_fertilizer, layout_loops_ring,
          nemelex_diamond_rough_becter, ebering_ghost_sewer_f,
          nicolae_ecumenical_oubliette

Skill      XL: |  1  2  3  4  5 |
---------------+----------------+-----
Invocations    | 1 2 |  2.6
Long Blades    | 4 5 |  5.0
Stealth        | 2 |  2.4
Fighting       | 4 |  4.4
Dodging        | |  3.8

Action                   |  1- 3 |  4- 6 || total
-------------------------+-------+-------++-------
Melee: Falchion          |    84 |    36 ||   120
       Headbutt          |     9 |    10 ||    19
       Punch             |     1 |       ||     1
       Long sword        |       |    23 ||    23
  Use: Potion            |       |     2 ||     2
 Stab: Sleeping          |     5 |     2 ||     7
Armor: Robe              |    13 |    13 ||    26
Dodge: Dodged            |    55 |    60 ||   115

Table legend: (Time is in decaauts)
 A = Elapsed time spent in this place.
 B = Non-inter-level travel time spent in this place.
 C = Inter-level travel time spent in this place.
 D = Time resting spent in this place.
 E = Time spent auto-exploring this place.
 F = Levels seen in this place.
 G = Mean time per level.
                   A        B        C        D        E       F      G
               +--------+--------+--------+--------+--------+-----+--------+
         Total |   2235 |   2163 |     72 |      0 |   1740 |   3 |  745.0 |
       Dungeon |   2235 |   2163 |     72 |      0 |   1740 |   3 |  745.0 |
               +--------+--------+--------+--------+--------+-----+--------+

Top non-repeatable levels by time:
     D:3: 792 daAuts
     D:1: 759 daAuts
     D:2: 683 daAuts
